Map: Backwater LE

Players

potdunk

  • Race: Terran Terran
  • League: Diamond
  • Spawn Location: 11:00

Rye - Winner!

  • Race: Zerg Zerg
  • League: Diamond
  • Spawn Location: 5:00

VOD

Have the link to the VOD?

Description

Time

  • Played on: Feb. 17, 2018, 10:57 p.m.
  • Length: 19:34
Show
View Real Time Build Order
Export as new Build Order

potdunk Terran 

Build Orders: Reaper Expand, MMM Bio 

Get SALT Encoding   

  12  0:01  SCV  
  13  0:13  SCV  
  14  0:18  Supply Depot  
  14  0:25  SCV  
  15  0:40  SCV  
  15  0:42  Barracks  
  16  0:52  SCV, Refinery  
  17  1:04  SCV  
  18  1:16  SCV  
  19  1:29  Orbital Command  
  19  1:34  Reaper  
  20  1:41  Command Center  
  20  1:52  Supply Depot  
  20  1:56  SCV  
  21  2:07  Refinery  
  21  2:08  Marine  
  21  2:09  SCV  
  21  2:15  Factory  
  23  2:21  SCV  
  24  2:33  SCV  
  25  2:46  SCV  
  25  2:50  Barracks Reactor  
  27  2:58  SCV  
  27  2:59  Hellion  
  27  3:02  Orbital Command  
  27  3:04  Supply Depot  
  29  3:10  SCV  
  30  3:22  SCV  
  31  3:28  Starport  
  31  3:31  SCV  
  34  3:34  SCV, Hellion x2  
  34  3:35  Barracks Tech Lab  
  37  3:43  SCV  
  37  3:47  SCV  
  39  3:48  Barracks  
  39  3:55  SCV, Hellion, Supply Depot  
  42  3:56  Hellion  
  42  3:59  SCV  
  45  4:07  SCV  
  46  4:11  SCV  
  46  4:12  Marine  
  46  4:16  Stimpack  
  48  4:18  Medivac  
  48  4:19  SCV  
  48  4:23  SCV  
  52  4:30  Marine  
  53  4:31  SCV  
  53  4:32  Refinery, Engineering Bay  
  53  4:35  SCV  
  50  4:44  SCV  
  44  4:55  Barracks Reactor  
  44  4:57  SCV x2  
  46  5:00  Viking  
  48  5:08  Engineering Bay  
  48  5:09  SCV x2  
  48  5:12  Supply Depot  
  50  5:21  SCV x2  
  50  5:24  Marine  
  50  5:28  Terran Infantry Weapons Level 1  
  53  5:33  SCV x2  
  55  5:37  Missile Turret  
  55  5:42  Marine  
  56  5:45  SCV x2  
  56  5:47  Marine x2  
  56  5:49  Starport Reactor, Command Center  
  60  5:57  SCV x2  
  60  6:00  Marine  
  63  6:05  Marine x2  
  63  6:09  SCV  
  63  6:10  SCV  
  63  6:18  Marine  
  64  6:20  Refinery, Terran Infantry Armor Level 1  
  64  6:22  SCV x2  
  64  6:23  Marine x2  
  68  6:27  Medivac  
  68  6:32  Barracks  
  70  6:40  Barracks  
  70  6:43  Supply Depot  
  70  6:59  Armory  
  70  7:01  Medivac, Marine x3, SCV x2  
  77  7:07  Orbital Command, Supply Depot  
  77  7:10  Refinery  
  77  7:11  Missile Turret  
  77  7:13  SCV x2  
  79  7:18  Marine x3  
  82  7:25  SCV x2  
  82  7:26  Supply Depot  
  82  7:27  Barracks Tech Lab  
  82  7:28  Supply Depot  
  82  7:29  Barracks Tech Lab  
  84  7:36  Marine x3  
  87  7:37  SCV x2  
  89  7:45  Marine  
  89  7:47  Combat Shields  
  89  7:48  Concussive Shells  
  89  7:49  SCV x2, Marine  
  89  7:51  Medivac  
  95  7:53  Medivac  
  95  7:54  Marine x2  
  95  7:55  Marauder  
  95  7:58  SCV  
  102  8:01  SCV x2  
  102  8:04  Marauder  
  106  8:07  Marauder  
  106  8:09  Refinery  
  106  8:10  SCV  
  106  8:12  Marine  
  110  8:13  SCV x2  
  110  8:16  Marauder  
  114  8:22  SCV  
  114  8:26  SCV x2  
  114  8:34  SCV  
  114  8:37  Marine x2  
  117  8:44  SCV  
  117  8:48  Marine  
  117  8:49  SCV  
  117  9:00  Missile Turret  
  117  9:03  Terran Infantry Armor Level 2, Terran Infantry Weapons Level 2  
  117  9:16  Terran Vehicle Weapons Level 1  
  117  9:21  SCV x2, Marine x2, Marauder x2, Supply Depot  
  125  9:25  Supply Depot  
  125  9:31  Supply Depot  
  125  9:33  Supply Depot  
  125  9:34  Supply Depot  
  125  9:35  SCV x3, Marine, Supply Depot  
  129  9:38  Marine x2, Command Center  
  129  9:39  Refinery  
  129  9:43  Marauder x2  
  129  9:45  Refinery  
  135  9:47  SCV x3  
  138  9:53  Marauder  
  138  9:56  Marine x2  
  142  10:00  Barracks  
  142  10:02  Barracks  
  142  10:04  Marauder  
  142  10:05  Marauder  
  139  10:14  Marine x2  
  139  10:15  Marauder  
  139  10:19  Missile Turret  
  143  10:25  Marauder  
  143  10:26  Marauder  
  147  10:32  Marine x2, Factory Tech Lab  
  149  10:36  Marauder  
  151  10:47  Missile Turret, Marauder x2  
  155  10:50  Marine x2  
  157  10:57  Marine  
  157  10:58  Barracks Tech Lab  
  157  10:59  Thor  
  164  11:07  Marine x2, Supply Depot  
  164  11:08  Marauder  
  164  11:09  Marauder  
  164  11:10  Marine  
  171  11:15  Marine  
  172  11:22  Missile Turret, Terran Infantry Weapons Level 3  
  172  11:25  Marine x2  
  172  11:29  Marine  
  172  11:30  Terran Infantry Armor Level 3, Marine  
  172  11:31  Supply Depot  
  176  11:33  Marine  
  176  11:35  Liberator  
  176  11:39  Terran Vehicle Weapons Level 2  
  177  11:41  Marine x3  
  177  11:42  Thor  
  177  11:43  Marine x2  
  188  11:47  Marine  
  188  11:50  Supply Depot  
  188  11:52  Marine, Marauder  
  195  11:57  Missile Turret  
  195  11:59  Marine x2  
  197  12:07  Marine  
  200  12:08  Marauder  
  200  12:15  Planetary Fortress  
  200  12:22  Command Center  
  200  12:25  Missile Turret  
  200  12:39  Ghost Academy  
  200  12:47  Sensor Tower  
  199  13:29  Marauder  
  199  13:33  Missile Turret  
  199  13:34  Missile Turret x2  
  186  13:51  Marauder  
  186  14:03  Marine x4  
  186  14:04  Marine x3  
  191  14:12  Marine  
  192  14:21  Marine x5  
  192  14:22  Marine x2  
  195  14:29  Marine  
  142  14:39  Marine x7  
  142  14:42  Liberator x2  
  129  14:47  Marine  
  122  14:57  Marine x7  
  132  15:05  Marine  
  136  15:14  Marine  
  136  15:15  Marine x3, Marauder  
  136  15:16  Marauder x2  
  117  15:23  Marine  
  117  15:25  Liberator  
  93  15:32  Marine x3  
  93  15:33  Marine  
  95  15:36  Orbital Command  
  95  15:37  Marauder x3  
  95  15:41  Marine  
  102  15:50  Marine x2  
  92  16:02  Marauder x4  
  71  16:17  SCV x3  
  74  16:23  Marauder x2  
  74  16:24  Marauder x2  
  82  16:29  SCV x3, Medivac x2  
  89  16:41  SCV x3  
  89  16:43  Orbital Command  
  89  16:44  Missile Turret  
  89  16:45  Refinery, Marauder x4  
  100  16:51  Refinery  
  100  16:53  SCV x2  
  100  16:54  SCV  
  103  16:57  Command Center  
  103  16:59  Medivac  
  105  17:05  SCV  
  105  17:06  SCV x2, Marauder x4  
  105  17:07  Marine  
  117  17:17  SCV, Building Armor  
  117  17:18  SCV  
  119  17:28  Marauder x4  
  127  17:34  Unknown  
  127  17:38  Marine x4  
  131  17:49  Marauder x4  
  139  17:55  SCV x4  
  139  17:56  Marine  
  144  18:06  Marine  
  144  18:07  SCV x3, Marine x2  
  144  18:10  Marauder x2  
  144  18:11  Marauder x2  
  158  18:14  Marine  
  159  18:24  Marine x3  
  159  18:31  Marine  
  159  18:32  Marauder x4  
  164  18:53  Marauder x4  
  164  18:55  Marine x4  
Show
View Real Time Build Order
Export as new Build Order

Rye Zerg - Winner!

Build Orders: Hatch First, Muta Ling Bane 

Get SALT Encoding   

  12  0:01  Drone  
  13  0:14  Overlord  
  13  0:21  Drone  
  14  0:34  Drone x2  
  16  0:36  Drone  
  17  0:55  Hatchery  
  16  1:06  Extractor, Drone x2  
  17  1:18  Spawning Pool  
  17  1:20  Drone  
  17  1:25  Drone  
  18  1:49  Drone x2  
  20  2:01  Overlord  
  20  2:06  Queen  
  20  2:08  Queen  
  24  2:09  Zergling x4  
  26  2:24  Drone x3  
  26  2:28  Metabolic Boost  
  29  2:41  Zergling x4  
  30  2:55  Drone x2  
  32  2:59  Hatchery  
  31  3:17  Queen  
  33  3:21  Drone x2  
  33  3:23  Evolution Chamber, Zergling x2  
  33  3:24  Overlord  
  35  3:33  Overlord  
  35  3:36  Overlord  
  35  3:50  Drone x4  
  35  3:51  Drone x2  
  41  4:04  Queen  
  41  4:06  Drone x2  
  45  4:13  Roach Warren  
  44  4:38  Extractor, Drone x8  
  43  4:39  Extractor, Drone x3  
  43  4:40  Queen x2  
  53  4:58  Drone x3  
  53  4:59  Drone x3  
  59  5:10  Drone x4, Spore Crawler x2  
  59  5:11  Drone  
  59  5:12  Queen  
  59  5:13  Spore Crawler  
  63  5:23  Zerg Ground Armor Level 1  
  63  5:29  Lair  
  63  5:34  Roach  
  65  5:36  Overlord x3  
  65  5:56  Hatchery  
  60  6:11  Drone  
  60  6:12  Drone x15  
  76  6:26  Overseer, Extractor  
  76  6:29  Overseer  
  75  6:48  Spore Crawler  
  75  6:49  Spore Crawler  
  73  7:00  Zergling x2  
  74  7:02  Overlord  
  74  7:03  Overlord x3  
  74  7:09  Baneling Nest  
  74  7:11  Spire  
  72  7:18  Drone x8  
  72  7:19  Overlord  
  72  7:21  Overlord  
  80  7:36  Zerg Melee Weapons Level 1  
  80  7:37  Evolution Chamber, Zergling x16  
  81  7:41  Queen x2  
  81  7:42  Queen x2  
  95  7:49  Glial Reconstitution  
  95  7:53  Zergling x16  
  103  8:02  Spore Crawler  
  102  8:12  Zergling x2  
  103  8:13  Zergling x10  
  103  8:16  Baneling x4  
  103  8:17  Baneling x2  
  103  8:18  Centrifical Hooks  
  108  8:23  Extractor x2  
  103  8:45  Zerg Ground Armor Level 2  
  99  9:05  Mutalisk  
  99  9:06  Mutalisk x11  
  123  9:18  Drone x3  
  123  9:19  Infestation Pit  
  123  9:23  Drone x3  
  128  9:26  Overlord, Extractor x2, Drone  
  128  9:27  Overlord x5  
  128  9:28  Drone  
  128  9:41  Overlord x3  
  128  9:45  Zergling x2  
  128  9:46  Zergling x16  
  136  10:11  Zergling x2  
  136  10:12  Zergling x20  
  147  10:15  Baneling  
  147  10:16  Baneling x4, Zergling x2  
  147  10:17  Zergling x16  
  147  10:20  Zerg Melee Weapons Level 2  
  156  10:24  Roach x3  
  162  10:44  Hatchery  
  162  10:47  Overlord  
  162  10:48  Overlord x3  
  161  10:54  Overlord  
  161  10:57  Overlord  
  161  11:02  Hive  
  161  11:06  Roach  
  161  11:07  Roach x5  
  173  11:12  Hatchery, Drone x3  
  173  11:13  Drone x3  
  173  11:16  Overlord x3  
  173  11:17  Drone x3  
  173  11:18  Drone  
  182  12:17  Ultralisk Cavern, Spore Crawler  
  182  12:19  Zerg Ground Armor Level 3, Spore Crawler  
  179  12:23  Corruptor x5  
  189  12:37  Pathogen Glands  
  189  12:38  Zerg Melee Weapons Level 3  
  189  12:40  Burrow  
  189  12:43  Overlord  
  189  12:44  Overlord  
  189  12:47  Queen  
  191  12:51  Zergling x2  
  191  12:52  Zergling x14  
  191  12:54  Baneling x4  
  191  12:55  Baneling x2  
  191  13:13  Ultralisk  
  191  13:18  Chitinous Plating  
  197  13:22  Baneling x2  
  197  13:23  Baneling x5  
  192  13:37  Infestor  
  190  14:07  Ultralisk  
  172  14:36  Ultralisk x3  
  178  14:44  Zergling x2  
  178  14:45  Zergling x36  
  171  14:52  Zergling x20  
  154  14:53  Zergling x12  
  154  14:55  Zergling x10  
  154  14:56  Zergling x12  
  154  14:57  Zergling x6  
  170  15:00  Corruptor x2  
  170  15:04  Baneling x10  
  170  15:05  Baneling, Zergling x12  
  180  15:10  Zergling x2  
  150  15:45  Zergling x30  
  150  15:46  Zergling x12  
  139  16:06  Ultralisk x4  
  159  16:15  Corruptor x7  
  159  16:16  Corruptor x9  
  179  16:41  Greater Spire  
  179  16:47  Hatchery  
  179  16:49  Drone x3  
  179  16:50  Drone x3  
  184  16:54  Zergling x2  
  184  16:55  Zergling x24  
  197  17:04  Overseer  
  197  18:02  Brood Lord  
  199  18:05  Extractor  
  199  18:06  Extractor  
  199  18:12  Extractor  
  196  18:14  Spore Crawler  
  196  18:16  Extractor, Spore Crawler  
  183  18:36  Brood Lord  
  172  18:47  Brood Lord x3  
  172  18:48  Brood Lord  
  179  18:51  Zergling x18  
  179  18:52  Zergling x14  
  172  19:05  Zergling x4  
  172  19:06  Zergling x32  
  184  19:16  Zergling x16  
  184  19:17  Zergling x20  
Tags
 
Add a new tag
Caveats
  • Supply blocks, unpowered buildings, or Contaminate may cause inaccurate times.
  • Supply counts are checked every 10 seconds.